 Dungeon Crawl Stone Soup version 0.22-a0-185-ge330310 (webtiles) character file.

758 vishdafish the Slasher (level 7, 0/55 HPs)
             Began as a Demonspawn Fighter on Feb 15, 2018.
             Slain by an orc
             ... wielding a cursed +0 hand axe
              (3 damage)
             ... on level 6 of the Dungeon.
             The game lasted 00:10:38 (5244 turns).

vishdafish the Slasher (Demonspawn Fighter)         Turns: 5244, Time: 00:10:38

Health: 0/55       AC: 10    Str: 17    XL:     7   Next: 50%
Magic:  9/9        EV:  7    Int: 11    God:
Gold:   314        SH:  0    Dex: 12    Spells: 6/6 levels left

rFire    . . .     SeeInvis .   s - +2 falchion (drain)
rCold    . . .     Gourm    .   c - +0 shield
rNeg     . . .     Faith    .   b - +0 scale mail
rPois    +         Spirit   .   (no helmet)
rElec    .         Reflect  .   w - +2 cloak
rCorr    .         Harm     .   (no gloves)
MR       .....                  (no boots)
Stlth    ..........             (no amulet)
HPRegen  0.18/turn              e - ring of poison resistance
MPRegen  0.11/turn              (no ring)

@: confused
A: claws 2, powered by death 1, rot immunity
a: no special abilities


You were on level 6 of the Dungeon.
You were very hungry.

You visited 1 branch of the dungeon, and saw 7 of its levels.

You collected 314 gold pieces.

Inventory:

Hand Weapons
 a - a +0 long sword
 s - a +2 falchion of draining (weapon)
Armour
 b - a +0 scale mail (worn)
 c - a +0 shield (worn)
 w - a +2 cloak (worn)
Jewellery
 e - a ring of poison resistance (left claw)
Wands
 k - a wand of digging (8)
 n - a wand of flame (16)
 t - a wand of paralysis (11)
Scrolls
 d - a scroll of enchant weapon {unknown}
 g - a scroll of immolation {unknown}
 h - a scroll of remove curse
 i - a scroll of magic mapping
 j - 3 scrolls of blinking
 m - 3 scrolls of fog
 o - a scroll of holy word {unknown}
 p - 3 scrolls of enchant armour
 v - a scroll of noise {unknown}
 y - a scroll of brand weapon {unknown}
Potions
 q - a potion of flight
Books
 x - a book of Maledictions

   Spells                             Type                      Level
   a - Corona                         Hexes                        1
   b - Ensorcelled Hibernation        Hexes/Ice                    2
   c - Confuse                        Hexes                        3
   d - Tukima's Dance                 Hexes                        3
   e - Dazzling Spray                 Conjuration/Hexes            3
Comestibles
 f - 6 rations


   Skills:
 + Level 4.6 Fighting
 * Level 4.6 Long Blades
 + Level 4.1 Armour
 - Level 0.1 Dodging
 + Level 4.1 Shields
 * Level 2.8 Evocations


You had 6 spell levels left.
You didn't know any spells.

Dungeon Overview and Level Annotations

Branches:
Dungeon (7/15)
 Temple: D:4-7

Altars:
Fedhas
Makhleb
Nemelex Xobeh
Ru
Wu Jian

Portals:
Sewer: D:6


Innate Abilities, Weirdness & Mutations

You have very sharp fingernails.
You regenerate a little health from kills.
You are immune to rotting.


Message History

* * * LOW HITPOINT WARNING * * *
The orc hits you but does no damage.
The orc wizard hits you but does no damage.
The orc warrior hits you with a short sword!
* * * LOW HITPOINT WARNING * * *
The quokka bites you but does no damage.
You closely miss the quokka.
The orc wizard hits you but does no damage.
The shadow imp gestures at you.
You struggle to resist.
The orc hits you but does no damage.
The quokka bites you but does no damage.
The orc warrior hits you but does no damage.
The orc wizard hits you with a dagger.
* * * LOW HITPOINT WARNING * * *
You're too confused to move!
The shadow imp closely misses you.
The quokka bites you but does no damage.
The orc wizard hits you with a dagger.
* * * LOW HITPOINT WARNING * * *
The orc hits you with a hand axe.
You die...

..............>............##.o≈≈
...........................#†..≈≈
...........................#....≈
.................................
..................[....o.o.......
..........................$.....#
###.....###...####..#########...#
#*#####+###...####o.###...,**...#
,*,,,,,,,......o@oo.......,*,....
,*,,,,,,,......o5r{.......,+,....
,*,,,,,,,.........>)......,*,....
,+,,,,,,,.................,**,,.#
***,*****##..<..##...##...,**,,,*
,**,**,,,*#.....*#...#*...,**,,,,
,,,,,*,,,.'.....,.....,,..,+,,,,,
,,,,,*,,,.#.....,...!..,,,,*,,,,,
,,,,,+,,,,.....,,.......,,,**,,,*


You could see an orc warrior, an orc priest, an orc wizard, a shadow imp, 2 orcs
and a quokka.

Vanquished Creatures
  Eustachio (D:5)
  A centaur (D:5)
  A howler monkey (D:4)
  A crimson imp (D:4)
  2 centaur skeletons
  A jelly (D:5)
  2 orc priests (D:4)
  Crazy Yiuf (D:5)
  A worker ant (D:4)
  A killer bee zombie (D:5)
  4 gnolls (D:4)
  6 adders
  2 river rats (D:7)
  A shadow imp (D:5)
  3 adder skeletons
  2 worms
  3 dart slugs
  3 leopard geckos
  10 orcs
  2 ball pythons
  10 bats
  7 giant cockroaches
  6 goblins
  11 hobgoblins
  9 jackals
  4 kobolds
  A quokka (D:2)
  5 frilled lizards
  4 rats
105 creatures vanquished.

Notes
Turn   | Place    | Note
-------+----------+-------------------------------------------
     0 | D:1      | vishdafish the Demonspawn Fighter began the quest for the Orb.
     0 | D:1      | Reached XP level 1. HP: 18/18 MP: 1/1
   122 | D:1      | Gained mutation: You regenerate a little health from kills. [demonic ancestry]
   122 | D:1      | Reached XP level 2. HP: 23/24 MP: 2/2
  1067 | D:2      | Found a blossoming altar of Fedhas.
  1129 | D:2      | Reached XP level 3. HP: 26/29 MP: 3/3
  1419 | D:2      | Found an ornate altar of the Wu Jian Council.
  1531 | D:2      | Found a burning altar of Makhleb.
  1531 | D:2      | Noticed an Executioner
  1614 | D:2      | Found a sacrificial altar of Ru.
  2286 | D:3      | Reached XP level 4. HP: 29/35 MP: 4/4
  2695 | D:3      | Found a sparkling altar of Nemelex Xobeh.
  3011 | D:4      | Gained mutation: You are immune to rotting. [demonic ancestry]
  3011 | D:4      | Reached XP level 5. HP: 41/42 MP: 5/5
  3524 | D:5      | Entered Level 5 of the Dungeon
  3524 | D:5      | Noticed Eustachio
  3537 | D:4      | Gained mutation: You have sharp fingernails. [demonic ancestry]
  3537 | D:4      | Reached XP level 6. HP: 24/48 MP: 6/6
  3973 | D:4      | Reached skill level 1 in Evocations
  4138 | D:5      | Killed Eustachio
  4242 | D:5      | Gained mutation: You have very sharp fingernails. [demonic ancestry]
  4242 | D:5      | Reached XP level 7. HP: 43/55 MP: 8/8
  4328 | D:5      | Found a runed door.
  5069 | D:5      | Noticed Crazy Yiuf
  5075 | D:5      | Killed Crazy Yiuf
  5201 | D:6      | Found a glowing drain.
  5244 | D:6      | Slain by an orc

Vault maps used:
D:1:      dpeg_arrival_central
D:2:      lemuel_round_altar, overflow_temple_1_default,
          makhleb_altar_promises_db, old_standard_altar
D:3:      nemelex_xobeh_ov_fountains_minmay
D:4:      first_ration
D:5:      nicolae_sextant, uniq_crazy_yiuf_cottage, uniq_eustachio
D:6:      portal_sewer_entry_a, serial_bayou, serial_bayou_lagoon_b,
          serial_bayou_pond_c, serial_bayou_shore_b, serial_bayou_shore_b,
          okawaru_trees_1
D:7:      ashenzari_altar_1, minmay_temple_entry_statues_pillars,
          corner_web_ring, grunt_ministairs_5

Skill      XL: |  1  2  3  4  5  6  7 |
---------------+----------------------+-----
Long Blades    | 2 3 4 |  4.6
Shields        | 3 4 |  4.1
Armour         | 3 4 |  4.1
Fighting       | 4 |  4.6
Evocations     | 2 |  2.8
Dodging        | |  0.1

Action                   |  1- 3 |  4- 6 |  7- 9 || total
-------------------------+-------+-------+-------++-------
Melee: Long sword        |   103 |       |       ||   103
       Falchion          |    26 |   174 |    59 ||   259
Evoke: Wand              |     3 |     4 |     2 ||     9
  Use: Scroll            |       |     5 |     4 ||     9
       Potion            |       |     3 |     2 ||     5
 Stab: Paralysed         |       |       |     3 ||     3
  Eat: Chunk             |     4 |     7 |     2 ||    13
Armor: Scale mail        |    55 |    69 |    50 ||   174
Dodge: Dodged            |    47 |    49 |    29 ||   125
Block: Shield            |    67 |    84 |    35 ||   186
       Rpst.: Long sword |    11 |       |       ||    11
       Falchion          |     4 |    19 |    10 ||    33

Table legend:
 A = Spawn XP
 B = Non-spawn XP
 C = Spawn XP percentage of total XP
 D = Spawn monster count
 E = Non-spawn monster count
 F = Spawn count percentage of total count
 G = Total turns spent on level
                    A         B        C        D         E        F      G
               +---------+---------+-------+---------+---------+-------+---------
         Total |       0 |    1083 |   0.0 |       0 |     105 |   0.0 |  5244
               +---------+---------+-------+---------+---------+-------+---------
           D:1 |       0 |      26 |   0.0 |       0 |      17 |   0.0 |   900
           D:2 |       0 |      51 |   0.0 |       0 |      18 |   0.0 |  1068
           D:3 |       0 |      64 |   0.0 |       0 |      25 |   0.0 |  1030
           D:4 |       0 |     351 |   0.0 |       0 |      24 |   0.0 |  1078
           D:5 |       0 |     499 |   0.0 |       0 |      12 |   0.0 |  1034
           D:6 |       0 |      63 |   0.0 |       0 |       6 |   0.0 |   124
           D:7 |       0 |      29 |   0.0 |       0 |       3 |   0.0 |    10
               +---------+---------+-------+---------+---------+-------+---------
